 Dungeon Crawl Stone Soup version 0.14-a0-3247-g5fd345f (webtiles) character file.

226166 pacovf the Necromancer (level 18, -1/247 HPs)
             Began as a Demonspawn Necromancer on Mar 8, 2014.
             Was an Elder of Kikubaaqudgha.
             Engulfed by a tengu reaver's freezing vapour (16 damage)
             ... led by Sojobo
             ... on Level 1 of the Depths on Mar 12, 2014.
             The game lasted 21:03:41 (62557 turns).

pacovf the Necromancer (Demonspawn Necromancer)    Turns: 62557, Time: 21:03:41

HP  -1/247       AC 26     Str 17      XL: 18   Next: 61%
MP   0/34        EV 20     Int 25      God: Kikubaaqudgha [****..]
Gold 991         SH 14     Dex 18      Spells:  8 memorised,  1 level left

rFire  . . .     SeeInvis .     f - +3,+2 trident (protect)
rCold  . . .     Clarity  .     m - +2 robe {Archmagi}
rNeg   . . .     Conserve .     w - +2 buckler
rPois  +         rCorr    .     (helmet unavailable)
rElec  .         rRot     .     s - +2 cloak {rPois}
SustAb . .       Spirit   +     r - +2 pair of gloves
rMut   .         Warding  .     b - +2 pair of boots {Stlth+}
Gourm  +         Stasis   .     C - amulet of the gourmand
MR     +....                    X - +2 ring of intelligence
                                q - ring of wizardry

@: berserking, very quick, somewhat resistant to hostile enchantments, extremely
unstealthy
A: horns 3, iridescent scales 3, agile 2, carnivore 1, fast metabolism 1, robust
2, saprovore 1, strong 1, wild magic 1, magic shield, magic regeneration
a: Receive Corpses, Renounce Religion
}: 1/15 runes: gossamer


You were on level 1 of the Depths.
You worshipped Kikubaaqudgha.
Kikubaaqudgha was greatly pleased with you.
You were full.

You visited 9 branches of the dungeon, and saw 42 of its levels.
You also visited: Wizlab.

You collected 4218 gold pieces.
You spent 3227 gold pieces at shops.

Inventory:

Hand weapons
 f - a +3,+2 trident of protection (weapon)
 D - a +1,+2 trident of dragon slaying
Armour
 a - the +4 robe of the Leaf {rF+}
   (You found it on level 9 of the Dungeon)

   It protects you from fire.
 b - a +2 pair of boots of stealth (worn)
 m - a +2 robe of the Archmagi (worn)
 r - a +2 pair of gloves (worn)
 s - a +2 cloak of poison resistance (worn)
 t - a +2 robe of magic resistance
 v - a +1 pair of boots of flying
 w - a +2 buckler (worn)
 M - a +1 cloak of darkness
Magical devices
 e - a wand of draining (2)
 A - a wand of lightning (2)
 N - a wand of disintegration (10)
 Q - a wand of paralysis (13)
 U - a wand of fireball (5) {unknown}
Comestibles
 g - 4 meat rations
 R - 3 pieces of ambrosia
Scrolls
 c - 3 scrolls of immolation
 d - 5 scrolls of remove curse
 p - 2 scrolls of identify
 x - 3 scrolls of recharging {unknown}
 E - 2 scrolls of teleportation
 F - 4 scrolls of silence
 H - 4 scrolls of fog
 S - a scroll of vulnerability {unknown}
 W - a scroll of blinking
Jewellery
 q - a ring of wizardry (left hand)
 u - an uncursed ring of flight
 y - an uncursed ring of protection from fire
 z - a cursed ring of teleportation
 C - an amulet of the gourmand (around neck)
 K - an uncursed ring of see invisible
 L - an uncursed ring of protection from cold
 O - an uncursed ring of wizardry
 P - an uncursed ring of regeneration
 X - a +2 ring of intelligence (right hand)
 Z - an uncursed amulet of clarity
Potions
 i - 11 potions of curing
 j - 3 potions of restore abilities
 k - 2 potions of resistance
 n - 3 potions of brilliance
 B - a potion of poison {unknown}
 V - a potion of haste
Miscellaneous
 o - a phial of floods
 I - a phial of floods


   Skills:
 - Level 11.0 Fighting
   Level 2.0 Short Blades
 + Level 13.7 Polearms
 - Level 1.2 Armour
 - Level 10.0 Dodging
 - Level 5.0 Stealth
 - Level 5.0 Shields
 - Level 10.0 Spellcasting
   Level 1.0 Charms
 - Level 10.0 Summonings
 * Level 19.9 Necromancy
 - Level 10.0 Transmutations
 - Level 4.0 Evocations


You had one spell level left.
You knew the following spells:

 Your Spells              Type           Power        Failure   Level  Hunger
a - Pain                  Necr           ####         1%          1    None
b - Animate Skeleton      Necr           N/A          1%          1    None
c - Necromutation         Trmt/Necr      ########..   58%         8    #######
d - Animate Dead          Necr           N/A          1%          4    None
e - Agony                 Necr           ########     1%          5    ###....
f - Twisted Resurrection  Necr           ########..   1%          5    ###....
h - Shadow Creatures      Summ           N/A          2%          5    ###....
i - Haunt                 Necr/Summ      ########..   8%          7    #######


Dungeon Overview and Level Annotations

Branches:
Dungeon (16/16)            Temple (1/1) D:6             Orc (4/4) D:11
    Elf (2/3) Orc:3          Lair (8/8) D:10          Swamp (4/5) Lair:5
 Spider (5/5) Lair:5        Slime (0/6) Lair:6       Vaults (1/5) D:15
 Depths (1/6) D:16

Altars:
Ashenzari
Cheibriados
Dithmenos
Elyvilon
Fedhas
Kikubaaqudgha
Makhleb
Nemelex Xobeh
Okawaru
Sif Muna
Trog
Vehumet
Xom
Yredelemnul
Zin
The Shining One
Beogh
Lugonu

Shops:
D:7 *   D:15 (   Orc:1 %   Orc:2 (   Orc:3 [   Orc:4 !%=[   Elf:1 }[

Portals:
Abyss: Depths:1

Annotations:
D:6 exclusion: oklob plant


Innate Abilities, Weirdness & Mutations

You have a pair of large horns on your head.*
You are completely covered in iridescent scales (AC +8).*
You are very robust (+20% HP).
You can tolerate rotten meat.
When hurt, damage is shared between your health and your magic reserves.
You regenerate magic rapidly.
You are very agile. (Dex +4)
Your digestive system is specialised to digest meat.
You have a fast metabolism.
Your muscles are strong. (Str +2)
Your spells are a little harder to cast, but a little more powerful.


Message History

The moth of wrath bites you!
* * * LOW HITPOINT WARNING * * *
The moth of wrath infuriates you!
A red film seems to cover your vision as you go berserk!
You feel yourself moving faster!
You feel mighty!
Your large abomination misses the moth of wrath.
Your large abomination hits the moth of wrath.
You puncture the moth of wrath!
You kill the moth of wrath!
Kikubaaqudgha accepts your kill.
The tengu reaver gestures at you while chanting.
The freezing blast hits your large abomination.
The freezing blast hits you!
One of your 5 potions of restore abilities freezes and shatters!
* * * LOW HITPOINT WARNING * * *
Unknown command.
You are engulfed in freezing vapours.
One of your 4 potions of restore abilities freezes and shatters!
You die...
Kikubaaqudgha rasps: "You have failed me!
Welcome... death!"

. ... #######...s.. # ##
#...."...H..! # #.#
#.#*#........ #######.# ##
#.#H.# ..... .<.X...###.##
#.#X## ####
.#.###..#...####§XX.# ...#
#........##§§§## ####
#....#.#.##@§## #
#..#.#.#.##.§###.# ##
#....X...##......# .##
#..#.#.#####.###.##
..####......#####.##...##
..'.......................
..####....######.......##
.## ##.#.# #....#.## ##
###.# ####.# #


You could see a tengu reaver and 3 friendly large abominations.

Vanquished Creatures
  Nikola (Elf:1)
  A draconian monk (WizLab)
  A vault warden (Vaults:1)
  2 ghost moths (Spider:5)
  A deep elf annihilator (Elf:1)
  2 fire dragons (D:16)
  2 vault guards (Vaults:1)
  4 ironheart preservers (Vaults:1)
  An ogre mage (Vaults:1)
  4 hydras
  Fannar (Lair:2)
  A yaktaur captain (Vaults:1)
  2 monstrous demonspawn (WizLab)
  Nessos (Vaults:1)
  A deep troll shaman (Lair:8)
  A ravenous item mimic (Vaults:1)
  A tengu warrior (D:15)
  4 death yaks
  An orc high priest (Orc:4)
  A centaur warrior (Depths:1)
  A very ugly thing (Vaults:1)
  2 deep elf knights (Elf:1)
  A deep troll (Depths:1)
  2 orc knights (Orc:4)
  12 orb spiders
  Maurice (D:10)
  A swamp dragon (Swamp:4)
  5 hill giants
  5 deep elf summoners
  2 red wasps
  6 deep elf conjurers
  A wolf spider zombie (D:16)
  The ghost of Froboctopus the Transmogrifier, an experienced MfTm (D:7)
  3 griffons (D:16)
  17 wolf spiders
  A cyclops (D:16)
  2 elephants
  3 orc sorcerers
  A stone golem (D:11)
  4 yaktaurs
  A moth of wrath (shapeshifter) (Depths:1)
  A black mamba (Lair:2)
  A centaur zombie (D:10)
  8 spiny frogs
  A baby alligator (Swamp:3)
  2 demonic crawlers
  2 deep elf priests
  A fire drake (Lair:1)
  4 giant fireflies
  2 spriggans
  A boggart (Vaults:1)
  An orange crystal statue (WizLab)
  A giant leech (Swamp:4)
  Sonja (D:10)
  2 two-headed ogres
  16 jumping spiders
  3 trolls
  A freezing wraith (D:15)
  3 komodo dragons
  A bog body (Swamp:4)
  5 ravens
  3 slime creatures (Swamp:4)
  A blink frog (Lair:5)
  A grizzly bear (Lair:4)
  A basilisk (Lair:5)
  A baby alligator (shapeshifter) (Vaults:1)
  2 shadows
  11 trapdoor spiders
  11 sharks
  A thorn lotus (Swamp:3)
  21 redbacks
  26 yaks
  8 tarantellas
  Eustachio (D:6)
  7 ugly things
  12 deep elf magi
  An elephant slug (Lair:8)
  A wyvern (D:10)
  A vampire (D:16)
  13 deep elf fighters
  6 hippogriffs
  6 vampire mosquitoes
  9 centaurs
  4 wargs (Orc:4)
  A hill giant skeleton (D:11)
  A mottled dragon (D:16)
  A naga (shapeshifter) (D:16)
  6 wolves (Lair:8)
  6 porcupines
  12 swamp worms
  6 water moccasins
  4 necrophages
  3 swamp drakes
  10 orc warriors
  5 spiders
  12 ogres
  A sky beast (D:15)
  4 giant goldfish
  2 phantoms
  A manticore skeleton (D:16)
  The ghost of lorenzova the Magician, an average SpEn (D:3)
  A blink frog skeleton (D:16)
  5 crocodiles
  Duvessa (D:7)
  4 giant slugs
  A big kobold (D:10)
  8 giant frogs
  A yaktaur skeleton (D:16)
  4 insubstantial wisps
  6 scorpions
  2 wights
  6 killer bees
  9 electric eels
  8 crimson imps
  Dowan (D:7)
  7 hounds
  4 iguanas
  15 orc priests
  8 jellies
  7 big fish
  6 goliath beetles
  2 centaur skeletons
  27 orc wizards
  2 giant frog skeletons
  Natasha (thrice) (D:4)
  2 two-headed ogre skeletons
  6 worker ants
  10 sheep
  An ogre zombie (D:7)
  Ijyb (D:7)
  Jessica (D:2)
  A hound skeleton (D:4)
  17 adders
  5 gnolls
  4 giant mites
  33 green rats
  5 worms
  An iguana zombie (D:7)
  An adder skeleton (D:7)
  2 orc skeletons
  2 orc zombies
  3 giant eyeballs
  10 giant geckos
  13 oozes
  114 orcs
  A ball python (D:3)
  2 bat zombies
  18 goblins
  15 hobgoblins
  22 jackals
  10 kobolds
  9 quokkas
  14 bats
  2 giant cockroaches
  A giant gecko skeleton (D:4)
  5 giant newts
  A giant spore (D:12)
  23 rats
  A rat skeleton (D:4)
  2 ballistomycetes
  A briar patch (Swamp:4)
  2 fungi
  A plant (Lair:5)
886 creatures vanquished.

Vanquished Creatures (collateral kills)
  Saint Roka (Orc:4)
  Sojobo (Depths:1)
  Norris (Vaults:1)
  3 thorn hunters
  3 sphinxes (Vaults:1)
  Rupert (D:14)
  Kirke (Spider:3)
  2 tengu reavers (Vaults:1)
  Roxanne (Vaults:1)
  5 draconian monks (WizLab)
  A ghost moth (Spider:5)
  A fire giant (Vaults:1)
  Wiglaf (Spider:5)
  A vault warden (Vaults:1)
  2 deep elf sorcerers (Vaults:1)
  3 great orbs of eyes (Vaults:1)
  5 emperor scorpions
  3 rakshasas (Vaults:1)
  A stone giant (Vaults:1)
  A deep elf annihilator (Vaults:1)
  A deep elf death mage (Vaults:1)
  Snorg (Swamp:2)
  An ettin (Vaults:1)
  3 yaktaur captains
  2 ogre magi (Vaults:1)
  7 centaur warriors
  6 vault guards (Vaults:1)
  3 ironheart preservers (Vaults:1)
  A fire dragon (Vaults:1)
  Harold (D:10)
  Josephine (Orc:3)
  An ice dragon (Vaults:1)
  6 monstrous demonspawn (WizLab)
  10 hydras
  A shambling mangrove (Swamp:4)
  Erica (D:10)
  A ravenous item mimic (Spider:5)
  A tengu warrior (D:14)
  14 death yaks
  3 alligators
  3 orc high priests
  Urug (D:12)
  Nergalle (Elf:1)
  2 catoblepae
  2 iron trolls (Vaults:1)
  A flayed ghost (Vaults:1)
  An unseen horror (D:11)
  An orb spider (shapeshifter) (D:16)
  10 deep elf knights
  3 orb spiders
  A swamp dragon (Swamp:2)
  4 deep trolls (WizLab)
  4 deep elf summoners
  7 hill giants
  2 ironbrand convokers (Vaults:1)
  7 orc knights
  9 deep elf conjurers
  A shining eye (shapeshifter) (D:16)
  7 griffons
  2 cyclopes
  6 red wasps
  4 manticores
  A lindwurm (Lair:8)
  19 wolf spiders
  3 orc sorcerers
  3 stone golems (D:11)
  A sixfirhy (Orc:4)
  2 slime creatures (Depths:1)
  A vault sentinel (Vaults:1)
  3 black mambas
  14 elephants
  13 spiny frogs
  2 vapours
  An orange demon (Orc:4)
  Psyche (D:9)
  A feature mimic (Elf:1)
  A spriggan druid (Lair:4)
  3 fire drakes
  An elf (shapeshifter) (Vaults:1)
  5 freezing wraiths
  13 demonic crawlers
  A formicid venom mage (Spider:5)
  7 deep elf priests
  17 jumping spiders
  6 two-headed ogres
  4 spriggans
  10 yaktaurs
  A polar bear (Lair:7)
  7 komodo dragons
  5 trolls
  7 giant leeches
  A boulder beetle (Vaults:1)
  2 giant fireflies
  A hydra skeleton (D:13)
  A trapdoor spider zombie (D:10)
  3 bog bodies
  A centaur skeleton (D:16)
  2 shadows
  3 baby alligators (Swamp:3)
  An air elemental (Depths:1)
  2 blink frogs (Lair:5)
  6 thorn lotuses
  17 trapdoor spiders
  9 ravens
  A basilisk (D:14)
  22 tarantellas
  32 yaks
  An ice dragon skeleton (D:15)
  2 wraiths (D:16)
  2 grizzly bears
  33 redbacks
  9 vampire mosquitoes
  An elephant slug (Lair:7)
  18 ugly things
  7 deep elf magi (Elf:1)
  4 sharks
  A yak (shapeshifter) (Elf:2)
  3 hungry ghosts
  9 deep elf fighters
  8 wolves
  A soldier ant (D:13)
  A neqoxec (Orc:4)
  2 wargs
  A chaos spawn (Orc:4)
  14 swamp worms
  A soldier ant (shapeshifter) (D:16)
  2 gargoyles
  2 swamp drakes
  A tengu zombie (D:14)
  A tengu skeleton (D:12)
  9 water moccasins
  4 necrophages
  5 ice beasts
  3 giant goldfish
  4 hippogriffs
  4 porcupines
  5 ogres
  5 spiders
  A black bear (D:13)
  A phantom (Swamp:3)
  A sky beast (D:12)
  6 centaurs
  A boring beetle (shapeshifter) (Elf:1)
  30 orc warriors
  A brain worm (D:12)
  A boring beetle (Lair:6)
  7 crocodiles
  A big kobold (D:11)
  12 giant slugs
  20 giant frogs
  7 insubstantial wisps
  A wyvern skeleton (D:12)
  2 scorpions
  A troll skeleton (D:13)
  An eye of draining (D:10)
  7 wights
  9 killer bees
  4 goliath beetles
  2 electric eels
  A giant frog zombie (D:13)
  2 crimson imps
  6 hounds
  A jelly (D:12)
  A quasit (Orc:4)
  Crazy Yiuf (D:7)
  11 orc priests
  7 big fish
  2 orange rats
  22 orc wizards
  2 worker ants
  5 sheep (Lair:4)
  A sky beast zombie (D:8)
  A mummy (D:11)
  A brain worm simulacrum (D:16)
  A worker ant zombie (D:7)
  2 gnolls (D:9)
  18 green rats
  5 adders
  A giant mite (Lair:6)
  4 worms
  An ooze (D:6)
  95 orcs
  6 bats
  9 goblins
  4 hobgoblins
  4 kobolds
  A giant newt (D:3)
  2 giant spores (D:12)
  A goblin zombie (Orc:3)
  A hobgoblin skeleton (Orc:3)
  2 jackals
  2 orc skeletons
  3 orc zombies
  6 quokkas
  7 rats
  10 ballistomycetes
  A briar patch (Swamp:3)
  2 butterflies (Lair:5)
  2 crawling corpses (Vaults:1)
  8 fungi
  19 plants
999 creatures vanquished.

Vanquished Creatures (others)
  A tengu reaver (Depths:1)
  A yaktaur captain (Vaults:1)
  60 large abominations
  A deep troll earth mage (Depths:1)
  A centaur warrior (Vaults:1)
  3 deep trolls (Depths:1)
  3 deep elf knights
  A deep elf summoner (Elf:2)
  A griffon (Vaults:1)
  2 frost giant zombies (WizLab)
  2 wolf spiders
  2 deep elf conjurers
  A stone giant zombie (Vaults:1)
  2 vault sentinels (Vaults:1)
  9 demonspawn zombies (WizLab)
  A manticore (Depths:1)
  24 small abominations
  An elephant slug zombie (Lair:5)
  An emperor scorpion zombie (WizLab)
  6 yaktaur zombies
  A redback zombie (Vaults:1)
  An iron troll zombie (WizLab)
  A deep elf priest (Elf:1)
  3 centaur zombies (D:16)
  A kobold demonologist (Vaults:1)
  A yaktaur (Vaults:1)
  A hydra zombie (Swamp:4)
  A boggart (Vaults:1)
  A fire dragon zombie (WizLab)
  A trapdoor spider zombie (Lair:5)
  4 ice dragon zombies (WizLab)
  2 red wasp zombies (Vaults:1)
  A griffon zombie (D:14)
  An alligator zombie (Swamp:4)
  A tarantella (Elf:2)
  3 spiny frog skeletons
  A deep elf mage (Elf:2)
  5 elf skeletons
  A raven zombie (Swamp:4)
  A hill giant skeleton (Vaults:1)
  3 deep elf fighters
  3 gelid demonspawn zombies (WizLab)
  2 putrid demonspawn zombies (WizLab)
  5 infernal demonspawn zombies (WizLab)
  4 monstrous demonspawn zombies (WizLab)
  5 torturous demonspawn zombies (WizLab)
  4 deep troll zombies
  3 spiny frog zombies
  8 human zombies
  A komodo dragon zombie (Lair:5)
  2 ogres (Vaults:1)
  An orc warrior (Orc:4)
  3 vampire mosquito zombies (D:15)
  A giant slug zombie (WizLab)
  A wyvern zombie (D:10)
  A komodo dragon skeleton (Lair:4)
  5 water moccasin zombies
  A boulder beetle zombie (Vaults:1)
  A troll zombie (D:10)
  9 elf zombies
  2 hippogriff zombies
  A warg skeleton (Orc:4)
  A troll skeleton (D:16)
  An orc priest (D:14)
  A soldier ant zombie (D:10)
  5 giant frog zombies
  2 giant frog skeletons
  An orc wizard (D:14)
  A porcupine zombie (Lair:3)
  A sky beast zombie (D:16)
  3 crocodile zombies
  2 ogre zombies
  A necrophage skeleton (D:8)
  A crocodile skeleton (Lair:5)
  2 hound skeletons (Lair:2)
  4 hound zombies
  A worker ant zombie (D:10)
  A scorpion zombie (D:16)
  2 worm zombies
  2 adder zombies
  7 adder skeletons
  A felid zombie (D:4)
  A sheep skeleton (Lair:2)
  3 sheep zombies (Lair:2)
  6 orcs
  4 bat skeletons
  3 bat zombies
  4 green rat zombies
  A ball python skeleton (D:3)
  2 giant gecko skeletons
  A giant mite zombie (D:5)
  A giant newt skeleton (D:3)
  3 giant spores
  2 gnoll zombies (D:9)
  4 goblin zombies
  A green rat skeleton (Lair:8)
  6 hobgoblin skeletons
  2 hobgoblin zombies (D:10)
  2 human skeletons
  3 jackal skeletons
  A jackal zombie (D:3)
  A kobold skeleton (D:8)
  5 kobold zombies
  11 orc skeletons
  15 orc zombies
  2 quokka skeletons (D:11)
  2 rat skeletons
  3 rat zombies
  A briar patch (Swamp:4)
  6 crawling corpses
  7 fungi
  7 macabre masses
  3 plants
374 creatures vanquished.

Grand Total: 2259 creatures vanquished

Notes
Turn   | Place    | Note
--------------------------------------------------------------
     0 | D:1      | pacovf, the Demonspawn Necromancer, began the quest for the Orb.
     0 | D:1      | Reached XP level 1. HP: 13/13 MP: 3/3
     6 | D:1      | Learned a level 1 spell: Animate Skeleton
   613 | D:1      | Gained mutation: You have a pair of small horns on your head. [demonic ancestry]
   613 | D:1      | Reached XP level 2. HP: 19/19 MP: 2/4
   884 | D:2      | Noticed Jessica
   889 | D:2      | Killed Jessica
   889 | D:2      | Reached skill level 5 in Necromancy
   941 | D:2      | Your ally Jessica died
   943 | D:2      | Reached XP level 3. HP: 22/24 MP: 3/6
  1261 | D:2      | Learned a level 3 spell: Vampiric Draining
  1267 | D:2      | Reached skill level 6 in Necromancy
  1273 | D:2      | Gained mutation: When hurt, damage is shared between your health and your magic reserves. [demonic ancestry]
  1273 | D:2      | Reached XP level 4. HP: 27/30 MP: 7/7
  2472 | D:3      | Noticed lorenzova's ghost (average SpEn)
  2508 | D:3      | Killed lorenzova's ghost
  2508 | D:3      | Reached skill level 1 in Fighting
  2508 | D:3      | Reached XP level 5. HP: 25/37 MP: 5/9
  2565 | D:3      | Learned a level 4 spell: Animate Dead
  3484 | D:4      | Upgraded the game from 0.14-a0-3134-g2c86dbf to 0.14-a0-3154-g428849b
  3611 | D:4      | Noticed Natasha
  3621 | D:4      | Killed Natasha
  3713 | D:4      | Noticed an ogre
  3725 | D:4      | Your ally Natasha died
  3729 | D:4      | Killed an ogre
  3729 | D:4      | Gained mutation: You are partially covered in iridescent scales (AC +4). [demonic ancestry]
  3729 | D:4      | Reached XP level 6. HP: 41/44 MP: 5/13
  3739 | D:4      | Noticed Natasha
  3749 | D:4      | Killed Natasha
  3756 | D:4      | Reached skill level 7 in Necromancy
  4051 | D:4      | Noticed Natasha
  4052 | D:4      | Killed Natasha
  4146 | D:4      | Noticed a yak
  4162 | D:4      | Killed a yak
  4162 | D:4      | Gained mutation: You can tolerate rotten meat. [demonic ancestry]
  4162 | D:4      | Reached XP level 7. HP: 36/51 MP: 9/17
  4707 | D:4      | Found a snail-covered altar of Cheibriados.
  5490 | D:4      | Found a snail-covered altar of Cheibriados.
  5599 | D:5      | Entered Level 5 of the Dungeon
  6088 | D:5      | Reached skill level 5 in Spellcasting
  6192 | D:5      | Reached skill level 8 in Necromancy
  6198 | D:5      | Learned a level 4 spell: Control Undead
  6386 | D:5      | Gained mutation: You are mostly covered in iridescent scales (AC +6). [demonic ancestry]
  6386 | D:5      | Reached XP level 8. HP: 56/60 MP: 14/20
  6939 | D:6      | Noticed Eustachio
  6954 | D:6      | Killed Eustachio
  6954 | D:6      | Reached skill level 1 in Armour
  7047 | D:6      | Noticed an oklob plant
  7072 | D:7      | Found Shrais' General Store.
  7090 | D:6      | Reached skill level 5 in Fighting
  7251 | D:6      | Reached skill level 9 in Necromancy
  7376 | D:6      | Found a staircase to the Ecumenical Temple.
  7553 | Temple   | Entered the Ecumenical Temple
  7603 | Temple   | Became a worshipper of Kikubaaqudgha
  7815 | D:7      | Noticed Dowan
  7886 | D:7      | Noticed Duvessa
  7895 | D:7      | Killed Dowan
  7914 | D:7      | Killed Duvessa
  7914 | D:7      | Reached XP level 9. HP: 47/69 MP: 8/21
  7952 | D:7      | Bought a scroll of fear for 49 gold pieces
  7952 | D:7      | Bought 2 potions of degeneration for 56 gold pieces
  8216 | D:7      | Paralysed by a giant eyeball for 3 turns
  8234 | D:7      | Noticed Froboctopus' ghost (experienced MfTm)
  8290 | D:7      | Killed Froboctopus' ghost
  8352 | D:7      | Noticed Crazy Yiuf
  8450 | D:7      | Killed Crazy Yiuf
  8535 | D:7      | Noticed Ijyb
  8550 | D:7      | Killed Ijyb
  8793 | D:8      | Reached skill level 10 in Necromancy
  8997 | D:8      | Acquired Kikubaaqudgha's first power
  8997 | D:8      | Received a gift from Kikubaaqudgha
  8997 | D:8      | Reached skill level 1 in Short Blades
  8997 | D:8      | Reached skill level 1 in Evocations
  8998 | D:8      | Identified Kikubaaqudgha's Incunabulum of Black Rituals (Kikubaaqudgha gifted it to you on level 8 of the Dungeon)
  9912 | D:9      | Got a transparent robe
 10171 | D:9      | Acquired Kikubaaqudgha's second power
 10381 | D:9      | Noticed Psyche
 10400 | D:10     | Entered Level 10 of the Dungeon
 10400 | D:10     | Noticed a hill giant
 10406 | D:10     | Noticed Maurice
 10527 | D:11     | Reached skill level 1 in Polearms
 10527 | D:11     | Gained mutation: You are completely covered in iridescent scales (AC +8). [demonic ancestry]
 10527 | D:11     | Reached XP level 10. HP: 14/80 MP: 2/22
 10567 | D:11     | Identified the +4 robe of the Leaf {rF+} (You found it on level 9 of the Dungeon)
 10624 | D:11     | Learned a level 3 spell: Regeneration
 10751 | D:9      | You fall through a shaft!
 10973 | D:10     | Noticed Sonja
 11043 | D:10     | Killed Sonja
 11356 | D:10     | Noticed Erica
 11373 | D:10     | Gained mutation: You are agile. (Dex +2) [potion of mutation]
 11373 | D:10     | Gained mutation: You are very agile. (Dex +4) [potion of mutation]
 11373 | D:10     | Gained mutation: Your spells are a little harder to cast, but a little more powerful. [potion of mutation]
 11373 | D:10     | HP: 2/80 [centaur skeleton[the player character] (3)]
 11380 | D:10     | Killed Erica
 11580 | D:10     | Your ally Erica died
 11603 | D:10     | Found a staircase to the Lair.
 12113 | D:10     | Found a staircase to the Lair.
 12258 | D:10     | Noticed Harold
 12282 | D:10     | Killed Harold
 12282 | D:10     | Reached skill level 11 in Necromancy
 12602 | Lair:1   | Entered Level 1 of the Lair of Beasts
 12616 | Lair:1   | Reached skill level 5 in Dodging
 12661 | Lair:1   | Reached skill level 1 in Charms
 13097 | Lair:1   | Reached XP level 11. HP: 84/86 MP: 18/23
 13457 | Lair:2   | Noticed Fannar
 13875 | Lair:2   | Reached skill level 5 in Polearms
 14057 | Lair:2   | Reached skill level 5 in Stealth
 14163 | Lair:2   | Killed Fannar
 14163 | Lair:2   | Reached skill level 12 in Necromancy
 14775 | Lair:3   | Received a gift from Kikubaaqudgha
 14783 | Lair:3   | Identified Kikubaaqudgha's Catalogue of Stolen Souls (Kikubaaqudgha gifted it to you on level 3 of the Lair of Beasts)
 14793 | Lair:3   | Learned a level 5 spell: Twisted Resurrection
 15534 | Lair:3   | Noticed a large abomination
 15856 | Lair:4   | a large abomination (ally) was killed
 15933 | Lair:4   | Noticed a large abomination
 16703 | Lair:5   | Acquired Kikubaaqudgha's third power
 16765 | Lair:4   | Learned a level 5 spell: Agony
 16976 | Lair:5   | Gained mutation: You have a pair of horns on your head. [demonic ancestry]
 16976 | Lair:5   | Reached XP level 12. HP: 92/92 MP: 24/24
 17143 | Lair:5   | Reached skill level 13 in Necromancy
 17191 | Lair:5   | a large abomination (ally) was killed
 17216 | Lair:5   | Found a hole to the Spider Nest.
 17506 | Lair:5   | Found a staircase to the Swamp.
 17549 | Lair:5   | Noticed a catoblepas
 18293 | Lair:5   | Killed a catoblepas
 19048 | Lair:6   | Noticed a seven-headed hydra
 19057 | Lair:6   | Killed a seven-headed hydra
 19179 | Lair:6   | Acquired Kikubaaqudgha's fourth power
 19211 | Lair:6   | Reached XP level 13. HP: 94/100 MP: 4/26
 19414 | Lair:6   | Found a staircase to the Slime Pits.
 19952 | Lair:7   | Got an encrusted leather armour
 19970 | Lair:7   | Identified the +1 leather armour of the Little Devil {Str+3 Dex-3} (You found it on level 7 of the Lair of Beasts)
 21288 | D:10     | Killed Maurice
 21421 | D:11     | Found a staircase to the Orcish Mines.
 21464 | D:11     | Killed an unseen horror
 21600 | D:9      | Killed Psyche
 22064 | D:11     | Noticed a stone golem
 22064 | D:11     | Noticed a stone golem
 22064 | D:11     | Noticed a stone golem
 22064 | D:11     | Noticed a stone golem
 22074 | D:11     | Killed a stone golem
 22088 | D:11     | Killed a stone golem
 22097 | D:11     | Killed a stone golem
 22108 | D:11     | Killed a stone golem
 22290 | Orc:1    | Entered Level 1 of the Orcish Mines
 22359 | Orc:1    | Reached skill level 14 in Necromancy
 22480 | Orc:1    | Found Ydainutu's Food Boutique.
 23060 | Orc:2    | Found Fecius' Weapon Shop.
 23391 | Orc:2    | Found a roughly hewn altar of Beogh.
 23637 | Orc:3    | Found a staircase to the Elven Halls.
 23637 | Orc:3    | Noticed Josephine
 23647 | Orc:3    | Killed Josephine
 23827 | Orc:3    | Found Sozumn's Armour Emporium.
 24257 | Orc:3    | Reached skill level 10 in Polearms
 24468 | D:11     | Upgraded the game from 0.14-a0-3154-g428849b to 0.14-a0-3194-g0089908
 24981 | D:12     | Noticed Urug
 25000 | D:12     | Killed Urug
 25537 | D:13     | Found a corrupted altar of Lugonu.
 25766 | D:13     | Reached skill level 10 in Dodging
 25852 | D:13     | Reached skill level 10 in Fighting
 26046 | D:13     | Got a faintly glowing silver ring
 26047 | D:13     | Identified the cursed ring of Buumu {rElec Acc-5 Dam-6} (You found it on level 13 of the Dungeon)
 27362 | D:9      | Killed a hill giant
 27452 | D:7      | Bought a scroll of enchant armour for 105 gold pieces
 27452 | D:7      | Bought a meat ration for 70 gold pieces
 27452 | D:7      | Bought a phial of floods for 560 gold pieces
 27526 | Temple   | Received a gift from Kikubaaqudgha
 28073 | D:14     | Reached XP level 14. HP: 104/110 MP: 22/29
 28089 | D:14     | Noticed Rupert
 28095 | D:14     | Killed Rupert
 28405 | D:14     | Found a glowing silver altar of Zin.
 28499 | D:15     | Entered Level 15 of the Dungeon
 28751 | D:15     | Found Klilu's Antique Weapon Shoppe.
 29227 | D:15     | Found a gate to the Vaults.
 29934 | D:16     | Entered Level 16 of the Dungeon
 30456 | D:16     | Found a staircase to the Depths.
 30674 | D:16     | Reached skill level 15 in Necromancy
 30921 | D:16     | Found a white marble altar of Elyvilon.
 31175 | D:16     | Identified the Papyrus of Hurtful Malediction
 32392 | Lair:2   | Learned a level 3 spell: Passwall
 32717 | Swamp:1  | Entered Level 1 of the Swamp
 32858 | Swamp:1  | Reached skill level 1 in Transmutations
 33393 | Swamp:2  | Noticed Snorg
 33397 | Swamp:2  | Gained mutation: You regenerate magic rapidly. [demonic ancestry]
 33397 | Swamp:2  | Reached XP level 15. HP: 108/117 MP: 3/32
 33401 | Swamp:2  | Killed Snorg
 34114 | Swamp:3  | Identified a scroll of acquirement
 34445 | Swamp:3  | Noticed a thorn hunter
 34468 | Swamp:3  | Killed a thorn hunter
 34468 | Swamp:3  | Reached skill level 10 in Spellcasting
 34804 | Swamp:4  | Noticed a thorn hunter
 35115 | Swamp:4  | Killed a thorn hunter
 35506 | Swamp:4  | Reached skill level 16 in Necromancy
 35606 | Swamp:4  | Noticed a thorn hunter
 35628 | Swamp:4  | Killed a thorn hunter
 35860 | Swamp:4  | Reached skill level 5 in Transmutations
 36222 | Lair:2   | Learned a level 5 spell: Shadow Creatures
 37403 | Lair:8   | Entered Level 8 of the Lair of Beasts
 37659 | Lair:8   | Reached skill level 1 in Shields
 37894 | Lair:8   | Reached skill level 1 in Summonings
 38352 | Lair:8   | Got a brightly glowing plate armour
 38366 | Lair:8   | Identified the +3 plate armour of Amelioration {Str+2 Dex-3 Dam+2} (You found it on level 8 of the Lair of Beasts)
 39493 | Orc:4    | Entered Level 4 of the Orcish Mines
 39506 | Orc:4    | Noticed Saint Roka
 39522 | Orc:4    | Killed Saint Roka
 39696 | Orc:4    | Found a roughly hewn altar of Beogh.
 40077 | Orc:4    | Gained mutation: You have a pair of large horns on your head. [demonic ancestry]
 40077 | Orc:4    | Reached XP level 16. HP: 125/125 MP: 10/33
 40295 | Orc:4    | Found Jeol's Armour Shop.
 40412 | Orc:4    | Found Cupaoxomn's Jewellery Shoppe.
 40449 | Orc:4    | Paralysed by an orc sorcerer for 4 turns
 40449 | Orc:4    | Gained mutation: You have a fast metabolism. [a neqoxec]
 40537 | Orc:4    | Found Fannam's Food Shoppe.
 40541 | Orc:4    | Found Ysmyan's Distillery.
 40606 | Orc:4    | Bought a potion of heal wounds for 42 gold pieces
 40606 | Orc:4    | Bought a potion of beneficial mutation for 490 gold pieces
 40606 | Orc:4    | Bought a potion of invisibility for 77 gold pieces
 40606 | Orc:4    | Bought a potion of restore abilities for 42 gold pieces
 40606 | Orc:4    | Bought a potion of curing for 28 gold pieces
 40606 | Orc:4    | Bought a potion of curing for 28 gold pieces
 40607 | Orc:4    | Gained mutation: Your digestive system is specialised to digest meat. [potion of beneficial mutation]
 40625 | Orc:4    | Bought an uncursed ring of see invisible for 240 gold pieces
 40625 | Orc:4    | Bought an uncursed ring of wizardry for 480 gold pieces
 40957 | Lair:2   | Learned a level 7 spell: Haunt
 41156 | Spider:1 | Entered Level 1 of the Spider Nest
 42775 | Spider:2 | Reached skill level 17 in Necromancy
 43158 | Spider:2 | Reached skill level 5 in Summonings
 44144 | Spider:3 | Noticed Kirke
 44151 | Spider:3 | Killed Kirke
 45300 | Spider:2 | Upgraded the game from 0.14-a0-3194-g0089908 to 0.14-a0-3247-g5fd345f
 46571 | Elf:1    | Entered Level 1 of the Elven Halls
 46634 | Elf:1    | Noticed Nergalle
 46643 | Elf:1    | Killed Nergalle
 46658 | Elf:1    | Found Khuy's Armour Shoppe.
 46725 | Elf:1    | Found Peannage's Gadget Boutique.
 47021 | Elf:1    | Found a magical portal.
 47046 | WizLab   | Entered a wizard's laboratory
 47558 | WizLab   | Gained mutation: Your muscles are strong. (Str +2) [potion of beneficial mutation]
 48743 | Elf:2    | Noticed Nikola
 49046 | Elf:1    | Killed Nikola
 49046 | Elf:1    | Gained mutation: You are robust (+10% HP). [demonic ancestry]
 49046 | Elf:1    | Reached XP level 17. HP: 108/144 MP: 23/34
 49291 | Elf:2    | Reached skill level 5 in Shields
 51626 | Spider:5 | Entered Level 5 of the Spider Nest
 51729 | Spider:5 | Reached skill level 18 in Necromancy
 54024 | Spider:5 | Got a gossamer rune of Zot
 54215 | Spider:5 | Noticed Wiglaf
 54349 | Spider:5 | Killed Wiglaf
 55868 | Vaults:1 | Entered Level 1 of the Vaults
 56620 | Vaults:1 | Noticed Nessos
 56634 | Vaults:1 | Killed Nessos
 57283 | Vaults:1 | Reached skill level 10 in Summonings
 57631 | Vaults:1 | Gained mutation: You are very robust (+20% HP). [demonic ancestry]
 57631 | Vaults:1 | Reached XP level 18. HP: 86/165 MP: 22/34
 57913 | Vaults:1 | Reached skill level 19 in Necromancy
 57936 | Vaults:1 | Noticed Norris
 57939 | Vaults:1 | Found Duomp's Magic Scroll Shop.
 58985 | Vaults:1 | Killed Norris
 59819 | Vaults:1 | Noticed Roxanne
 59848 | Vaults:1 | Killed Roxanne
 59853 | Vaults:1 | Identified Roxanne's Disquisition on the Mutagenic Rocks (You took it off Roxanne on level 1 of the Vaults)
 60391 | Vaults:1 | Bought a scroll of identify for 40 gold pieces
 60391 | Vaults:1 | Bought a scroll of teleportation for 60 gold pieces
 60391 | Vaults:1 | Bought 2 scrolls of identify for 80 gold pieces
 60391 | Vaults:1 | Bought a scroll of teleportation for 60 gold pieces
 60391 | Vaults:1 | Bought 3 scrolls of remove curse for 180 gold pieces
 60391 | Vaults:1 | Bought a scroll of brand weapon for 400 gold pieces
 60391 | Vaults:1 | Bought a scroll of enchant weapon I for 70 gold pieces
 60391 | Vaults:1 | Bought a scroll of enchant weapon I for 70 gold pieces
 61336 | Lair:2   | Learned a level 8 spell: Necromutation
 61804 | Depths:1 | Entered Level 1 of the Depths
 61956 | Depths:1 | Reached skill level 10 in Transmutations
 62152 | Depths:1 | Found a shimmering altar of Xom.
 62176 | Depths:1 | Found a one-way gate to the infinite horrors of the Abyss.
 62527 | Depths:1 | Noticed Sojobo
 62549 | Depths:1 | Killed Sojobo
 62557 | Depths:1 | Engulfed by a tengu reaver's freezing vapour

Action                   |  1- 3 |  4- 6 |  7- 9 | 10-12 | 13-15 | 16-18 || total
-------------------------+-------+-------+-------+-------+-------+-------++-------
Melee: Unarmed           |     8 |       |    40 |       |       |    36 ||    84
       Quarterstaff      |    20 |    96 |   267 |       |       |       ||   383
       Falchion          |       |       |    25 |       |       |       ||    25
       Dagger            |       |       |   299 |       |       |       ||   299
       Flail             |       |       |    27 |    99 |       |       ||   126
       Trident           |       |       |       |   606 |  1851 |  1067 ||  3524
Throw: Tomahawk          |       |    18 |    84 |    39 |       |       ||   141
       Stone             |       |       |    13 |       |       |       ||    13
       Dart              |       |       |     2 |       |       |       ||     2
 Cast: Pain              |    19 |    30 |   159 |   213 |   438 |   494 ||  1353
       Animate Skeleton  |     8 |    19 |    14 |    22 |    31 |    18 ||   112
       Vampiric Draining |       |     2 |    17 |    49 |    29 |    16 ||   113
       Animate Dead      |       |     3 |    10 |    30 |    18 |    13 ||    74
       Regeneration      |       |       |       |     2 |       |       ||     2
       Control Undead    |       |       |       |     1 |       |       ||     1
       Twisted Resurrect |       |       |       |    25 |   106 |   100 ||   231
       Agony             |       |       |       |    27 |   149 |   503 ||   679
       Shadow Creatures  |       |       |       |       |       |    31 ||    31
Invok: Receive Corpses   |       |       |     2 |     8 |    34 |    71 ||   115
Evoke: Wand              |       |       |       |     1 |    10 |    11 ||    22
       Phial of floods   |       |       |       |       |     1 |     1 ||     2
  Use: Scroll            |       |       |    10 |     9 |    20 |    15 ||    54
       Potion            |       |       |       |     8 |     5 |     8 ||    21
 Stab: Sleeping          |       |     1 |     4 |    17 |    19 |     4 ||    45
       Distracted        |       |       |     8 |    12 |    24 |    34 ||    78
       Fleeing           |       |       |       |     1 |       |       ||     1
       Invisible         |       |       |       |       |     2 |       ||     2
